 Dungeon Crawl Stone Soup version 0.26-a0-639-g72c4674329 (webtiles) character file.

Game seed: 7910072221535726394

199 PentaManta the Chopper (level 6, -1/47 HPs)
             Began as a Formicid Abyssal Knight on Sept 19, 2020.
             Was a Believer of Lugonu.
             Succumbed to an orc wizard's poison
             ... on level 3 of the Dungeon.
             The game lasted 00:05:09 (3354 turns).

PentaManta the Chopper (Formicid Abyssal Knight)    Turns: 3354, Time: 00:05:10

Health: -1/47      AC:  8    Str: 15 (18) XL:     6   Next: 6%
Magic:  7/7        EV:  6    Int: 10 (12) God:    Lugonu [**....]
Gold:   65         SH:  0    Dex:  7 (10) Spells: 5/5 levels left

rFire    . . .     SeeInvis +   a - +2 hand axe
rCold    . . .     Faith    .   (no shield)
rNeg     . . .     Spirit   .   e - +0 chain mail
rPois    .         Reflect  .   (helmet unavailable)
rElec    .         Harm     .   (no cloak)
rCorr    .         Rampage  .   (no gloves)
MR       .....                  (no boots)
Stlth    ..........             (no amulet)
HPRegen  0.15/turn              (no ring)
MPRegen  0.10/turn              (no ring)

@: lethally poisoned (-1 -> -47)
A: permanent stasis, dig shafts and tunnels, four strong arms, antennae 3
a: Dig, Shaft Self, Depart the Abyss, Bend Space, Renounce Religion


You were on level 3 of the Dungeon.
You worshipped Lugonu.
Lugonu was pleased with you.
You visited 1 branch of the dungeon, and saw 3 of its levels.
You visited the Abyss 1 time.

You collected 65 gold pieces.

Inventory:

Hand Weapons
 a - a +2 hand axe (weapon)
 f - a +1 antimagic hand axe
 j - a +0 dagger
 k - a +0 hunting sling
Missiles
 g - 3 poisoned darts
 l - 45 stones (quivered)
Armour
 b - a +0 leather armour
 e - a +0 chain mail (worn)
Scrolls
 c - a scroll of blinking {unknown}
 i - 3 scrolls of remove curse
 n - a scroll of enchant weapon
Potions
 h - 3 potions of stabbing


   Skills:
 - Level 3.2 Fighting
 + Level 5.8 Axes
 - Level 2.1 Armour
 - Level 0.8 Dodging
 - Level 2.1 Invocations


You had 5 spell levels left.
You didn't know any spells.
Your spell library was empty.

Dungeon Overview and Level Annotations

Branches:
Dungeon (3/15)

Altars:
Makhleb
Okawaru


Innate Abilities, Weirdness & Mutations

You cannot be hasted, slowed, berserked, paralysed or teleported.
You can dig through walls and to a lower floor.
Your four strong arms can wield two-handed weapons with a shield.
You have a pair of large antennae on your head. (SInv)


Message History

The orc wizard hits you but does no damage.
You are more poisoned.
You're too confused!
Okay, then.
You bump into the stone wall.
* * * LOW HITPOINT WARNING * * *
You feel sick.
The orc wizard hits you but does no damage.
You are more poisoned.
The orc wizard hits you with a +1 dagger of venom.
* * * LOW HITPOINT WARNING * * *
You are more poisoned.
You're too confused to move!
You feel less confused.
* * * LOW HITPOINT WARNING * * *
You feel very sick.
The orc wizard hits you but does no damage.
You are more poisoned.
You closely miss the orc wizard.
You die...

..... .#......######
..[.......#.#∩###
#.#.......#.._)@#
.........##..o##
#....#...#....# #
#....#....[###.#
#.####.....)..........
#......))†.##.........
#..........##........o
...........#..#..#.o..
..............##.#....


You could see an orc wizard (fast).

Vanquished Creatures
  A scorpion (D:2)
  A hound (D:3)
  A centaur skeleton (D:2)
  An orc wizard (D:3)
  3 adders (D:2)
  2 worms
  2 orcs (D:3)
  2 giant cockroaches
  8 goblins
  9 hobgoblins
  A quokka (D:2)
  4 bats
  A frilled lizard (D:1)
  5 kobolds
  3 rats
44 creatures vanquished.

Vanquished Creatures (others)
  12 plants (D:2)
12 creatures vanquished.

Grand Total: 56 creatures vanquished

Notes
Turn   | Place    | Note
-------+----------+-------------------------------------------
     0 | Abyss:1  | PentaManta the Formicid Abyssal Knight began the quest for
                  | the Orb.
     0 | Abyss:1  | Reached XP level 1. HP: 18/18 MP: 2/2
    73 | Abyss:1  | Noticed a thrashing horror
    76 | D:1      | Escaped the Abyss
   539 | D:1      | Reached * piety under Lugonu
   665 | D:1      | Reached XP level 2. HP: 20/24 MP: 3/3
  1079 | D:2      | Reached skill level 3 in Axes
  1242 | D:2      | Reached XP level 3. HP: 29/29 MP: 4/4
  1667 | D:2      | Reached skill level 4 in Axes
  1667 | D:2      | Reached XP level 4. HP: 16/35 MP: 5/5
  2755 | D:2      | Found an iron altar of Okawaru.
  2953 | D:2      | Reached skill level 5 in Axes
  2953 | D:2      | Reached XP level 5. HP: 19/41 MP: 6/6
  3306 | D:3      | Found a burning altar of Makhleb.
  3338 | D:3      | Reached ** piety under Lugonu
  3349 | D:3      | Reached XP level 6. HP: 20/47 MP: 7/7
  3353 | D:3      | HP: 2/47 [poisoned by an orc wizard]
  3354 | D:3      | Succumbed to an orc wizard's poison

Illustrated notes

Levels and vault maps discovered:
D:1:      eino_arrival_druids_welcome, layout_loops_cross
D:2:      layout_loops_ring, lemuel_round_altar, serial_bayou,
          serial_bayou_pond_e, serial_bayou_shore_a, serial_bayou_pond_a,
          serial_bayou_lake_a, serial_bayou_shore_b, serial_bayou_pond_d,
          minmay_misc_feat_four_crosses
D:3:      layout_rooms, nicolae_gozag_seed_capital, makhleb_heckhound_becter

Skill      XL: |  1  2  3  4 |
---------------+-------------+-----
Axes           | 3 4 5 |  5.8
Fighting       | |  3.2
Armour         | |  2.1
Dodging        | |  0.8
Invocations    | |  2.1

Action                   |  1- 3 |  4- 6 || total
-------------------------+-------+-------++-------
Melee: Hand axe          |    50 |    40 ||    90
       Dagger            |    40 |   104 ||   144
Throw: Stone             |       |     3 ||     3
Invok: Depart the Abyss  |     1 |       ||     1
  Use: Scroll            |     3 |     3 ||     6
       Potion            |       |     1 ||     1
Armor: Chain mail        |    72 |    71 ||   143
Dodge: Dodged            |    57 |    48 ||   105

Table legend: (Time is in decaauts)
 A = Elapsed time spent in this place.
 B = Non-inter-level travel time spent in this place.
 C = Inter-level travel time spent in this place.
 D = Time resting spent in this place.
 E = Time spent auto-exploring this place.
 F = Levels seen in this place.
 G = Mean time per level.
                   A        B        C        D        E       F      G
               +--------+--------+--------+--------+--------+-----+--------+
         Total |   3410 |   3288 |    122 |    974 |   1654 |   4 |  852.5 |
       Dungeon |   3333 |   3211 |    122 |    974 |   1654 |   3 | 1111.0 |
         Abyss |     77 |     77 |      0 |      0 |      0 |   1 |   77.0 |
               +--------+--------+--------+--------+--------+-----+--------+

Top non-repeatable levels by time:
     D:2: 2162 daAuts
     D:1: 976 daAuts
     D:3: 193 daAuts
 Abyss:1: 77 daAuts
